 Dungeon Crawl Stone Soup version 0.21.1-1-g345015f (webtiles) character file.

525 troglodite the Skirmisher (level 7, -4/55 HPs)
             Began as a Demonspawn Berserker on Feb 21, 2018.
             Was a Priest of Trog.
             Slain by a phantom (5 damage)
             ... on level 4 of the Dungeon.
             The game lasted 00:06:45 (3863 turns).

troglodite the Skirmisher (Demonspawn Berserker)    Turns: 3863, Time: 00:06:46

Health: -4/55      AC: 18    Str: 17    XL:     7   Next: 2%
Magic:  7/7        EV:  6    Int: 14    God:    Trog [***...]
Gold:   159        SH:  0    Dex: 14    Spells: 6/6 levels left

rFire    . . .     SeeInvis .   a - +0 falchion
rCold    . . .     Gourm    .   (no shield)
rNeg     . . .     Faith    .   r - +0 plate armour
rPois    .         Spirit   .   o - +0 helmet
rElec    .         Reflect  .   g - +2 cloak
rCorr    .         Harm     .   (no gloves)
MR       ++...                  (no boots)
Stlth    ..........             (no amulet)
HPRegen  0.18/turn              n - ring of protection from magic
MPRegen  0.10/turn              b - ring of protection from magic

@: brilliant, berserk cooldown, slowed, drained, very slow
A: claws 1, thin metallic scales 2, nightstalker 1
a: Berserk, Trog's Hand, Burn Spellbooks, Renounce Religion


You were on level 4 of the Dungeon.
You worshipped Trog.
Trog was most pleased with you.
You were hungry.

You visited 1 branch of the dungeon, and saw 4 of its levels.

You collected 159 gold pieces.

Inventory:

Hand Weapons
 a - a +0 falchion (weapon)
Armour
 g - a +2 cloak (worn)
 o - a +0 helmet (worn)
 r - a +0 plate armour (worn)
Jewellery
 b - a ring of protection from magic (right claw)
 n - a ring of protection from magic (left claw)
Scrolls
 e - a scroll of identify {unknown}
 h - 2 scrolls of remove curse {unknown}
 l - 2 scrolls of random uselessness {unknown}
 m - 2 scrolls of amnesia {unknown}
Potions
 d - a potion of brilliance
 f - a potion of agility {unknown}
 i - 2 potions of heal wounds {unknown}
 j - a potion of mutation {unknown}
 q - a potion of degeneration {unknown}
Books
 p - a book of Callings

   Spells                             Type                      Level
   a - Summon Small Mammal            Summoning                    1
   b - Call Imp                       Summoning                    2
   c - Call Canine Familiar           Summoning                    3
   d - Summon Guardian Golem          Hexes/Summoning              3
   e - Summon Lightning Spire         Summoning/Air                4
   f - Summon Ice Beast               Ice/Summoning                4
   Trog disapproves of the use of such an item.
Comestibles
 c - 10 rations
 k - 12 chunks of flesh


   Skills:
 * Level 4.6(4.2) Fighting
 + Level 4.5(4.1) Long Blades
 * Level 3.1(2.7) Armour
 * Level 3.6(3.2) Dodging
 * Level 1.7(1.2) Stealth


You had 6 spell levels left.
You didn't know any spells.

Dungeon Overview and Level Annotations

Branches:
Dungeon (4/15)
 Temple: D:4-7

Altars:
Sif Muna


Innate Abilities, Weirdness & Mutations

You have sharp fingernails.
You are mostly covered in thin metallic scales. (AC +3)
You are slightly more attuned to the shadows.


Message History

You slash the orc!
You kill the orc!
Trog accepts your kill.
You closely miss the orc.
The orc is lightly wounded.
The orc barely misses you.
You hit the phantom.
The phantom is moderately damaged.
The phantom hits you.
* * * LOW HITPOINT WARNING * * *
The phantom barely misses you.
You riposte.
You barely miss the phantom.
The phantom is moderately damaged.
Items here: ( ) [ †† a tomahawk; a leather armour; a dagger; an orc corpse x2
The phantom hits you.
* * * LOW HITPOINT WARNING * * *
It was a potion of brilliance.
You feel clever all of a sudden. The phantom hits you.
You die...

.......# ...W...#
.......# .......#
.......#
.......#############
.......()oW@........
.......######.###.#
######## #.###.## ##+##
###..<....
.....##########......###
..>..........##......#
....#.#####.##......# ..
#.### #.##......# #...#
#.##......#


You could see a phantom and an orc.

Vanquished Creatures
  Menkaure (D:4)
  Edmund (D:4)
  A centaur (D:2)
  An orc priest (D:4)
  A worker ant (D:4)
  5 adders
  3 oozes
  3 worms (D:2)
  A dart slug (D:2)
  3 leopard geckos
  16 orcs
  4 giant cockroaches
  6 hobgoblins
  6 jackals
  6 kobolds
  A quokka (D:2)
  A ball python (D:2)
  12 bats
  7 frilled lizards
  3 goblins
  6 rats
88 creatures vanquished.

Notes
Turn   | Place    | Note
-------+----------+-------------------------------------------
     0 | D:1      | troglodite the Demonspawn Berserker began the quest for the Orb.
     0 | D:1      | Reached XP level 1. HP: 18/18 MP: 1/1
   244 | D:1      | Gained mutation: You are partially covered in thin metallic scales. (AC +2) [demonic ancestry]
   244 | D:1      | Reached XP level 2. HP: 24/24 MP: 2/2
   795 | D:1      | Gained mutation: You are mostly covered in thin metallic scales. (AC +3) [demonic ancestry]
   795 | D:1      | Reached XP level 3. HP: 29/29 MP: 3/3
  1596 | D:2      | Noticed a centaur
  1600 | D:2      | HP: 1/29 [centaur (5)]
  1604 | D:2      | Killed a centaur
  1604 | D:2      | Reached XP level 4. HP: 1/37 MP: 4/4
  2204 | D:2      | Reached ** piety under Trog
  2236 | D:2      | Gained mutation: You are slightly more attuned to the shadows. [demonic ancestry]
  2236 | D:2      | Reached XP level 5. HP: 42/42 MP: 5/5
  3334 | D:4      | Noticed a phantom
  3590 | D:4      | Found a deep blue altar of Sif Muna.
  3627 | D:4      | Noticed Edmund
  3628 | D:4      | Reached *** piety under Trog
  3646 | D:4      | Killed Edmund
  3646 | D:4      | Reached skill level 1 in Stealth
  3646 | D:4      | Gained mutation: You have sharp fingernails. [demonic ancestry]
  3646 | D:4      | Reached XP level 6. HP: 49/49 MP: 6/6
  3828 | D:4      | Noticed Menkaure
  3841 | D:4      | Killed Menkaure
  3841 | D:4      | Reached XP level 7. HP: 19/55 MP: 7/7
  3862 | D:4      | HP: 1/55 [phantom (4)]
  3863 | D:4      | Slain by a phantom

Skill      XL: |  1  2  3  4  5  6 |
---------------+-------------------+-----
Armour         | 2 3 |  3.1
Dodging        | 2 3 |  3.6
Long Blades    | 3 4 |  4.5
Fighting       | 4 |  4.6
Stealth        | 1 |  1.7

Action                   |  1- 3 |  4- 6 |  7- 9 || total
-------------------------+-------+-------+-------++-------
Melee: Falchion          |   103 |   226 |    12 ||   341
Invok: Berserk           |     1 |     3 |       ||     4
  Use: Potion            |       |       |     1 ||     1
 Stab: Sleeping          |       |     3 |       ||     3
  Eat: Chunk             |     2 |    11 |       ||    13
Armor: Animal skin       |    55 |    46 |       ||   101
       Plate armour      |       |   105 |    13 ||   118
       Scale mail        |       |     6 |       ||     6
Dodge: Dodged            |    82 |   136 |     6 ||   224
       Rpst.: Falchion   |    25 |    34 |     2 ||    61
